 Dungeon Crawl Stone Soup version 0.28-a0-726-g4a9143789a (webtiles) character file.

Game seed: 4301027778714403389

0 spiderkeys the Skirmisher (level 1, 0/14 HPs)
             Began as a Kobold Abyssal Knight on Oct 28, 2021.
             Was a Follower of Lugonu.
             Slain by a worldbinder (7 damage)
             ... on level 1 of the Abyss.
             The game lasted 00:00:23 (126 turns).

spiderkeys the Skirmisher (Kobold Abyssal Knight)    Turns: 126, Time: 00:00:23

Health: 0/14       AC:  3    Str: 10    XL:     1   Next: 0%
Magic:  2/2        EV: 14    Int: 11    God:    Lugonu [*.....]
Gold:   8          SH:  0    Dex: 15    Spells: 0/0 levels left

rFire   . . .      SeeInvis .   a - +2 short sword
rCold   . . .      Faith    .   (shield restricted)
rNeg    . . .      Spirit   .   b - +0 leather armour
rPois   .          Reflect  .   (no helmet)
rElec   .          Harm     .   (no cloak)
rCorr   .          Rampage  .   (no gloves)
Will    .....                   (no boots)
Stlth   ++........              (no amulet)
HPRegen 0.04/turn               (no ring)
MPRegen 0.08/turn               (no ring)

@: no status effects
A: small, no large weapons, nightstalker 3
a: Renounce Religion, Depart the Abyss


You were on level 1 of the Abyss.
You worshipped Lugonu.
Lugonu was aware of your devotion.
You visited 0 branches of the dungeon, and saw 0 of its levels.
You visited the Abyss 1 time.

You collected 8 gold pieces.


Innate Abilities, Weirdness & Mutations

You are small and have problems with some larger weapons.
You are completely attuned to the shadows.


   Skills:
 + Level 3.2 Fighting
 + Level 2.6 Short Blades
 + Level 0.7 Armour
 + Level 2.4 Dodging
 + Level 2.0 Invocations


You couldn't memorise any spells.
You didn't know any spells.
Your spell library was empty.

Inventory:

Hand Weapons
 a - a +2 short sword (weapon)
Armour
 b - a +0 leather armour (worn)

Dungeon Overview and Level Annotations

Branches:
Dungeon (0/15)

Altars:

##########
##.##.....#
#.@xu.u.#.#
#..##..##.O#
#...##..##X.##.
##.........u....
............. .
# .# . ##..# .
#. ##$.##..##..
# .... . ......
. . ... . ...
...


You could see 2 very ugly things and a worldbinder.


Message History

🤖 Initializing magus.rc ... ✅ Successfully initialized magus.rc [v1.9.10] Welcome, spiderkeys the Kobold Abyssal Knight.
Will you be the one to retrieve the awesome Orb of Zot from the depths?
Lugonu says: Depart the Abyss and spread corruption, my servant! (use the ability menu to exit the Abyss) Press ? for a list of commands and other information.
Found 8 gold pieces.
Found a corrupted altar of Lugonu.
You now have 8 gold pieces.
Found a gateway leading out of the Abyss.
You see here a +0 hand axe.
There is a gateway leading out of the Abyss here.
c - a scroll labelled DOAMMEDOGH An ancient zyme comes into view.
You feel yourself growing ill in the presence of the ancient zyme.
As you read the scroll labelled DOAMMEDOGH, it crumbles to dust.
It is a scroll of identify.
You don't have any unidentified items.
You see here a +0 short sword.
A tentacled starspawn comes into view.
A worldbinder comes into view.
An apocalypse crab comes into view.
Tentacles burst from the starspawn's body! 2 starspawn tentacles come into view.
The starspawn tentacle barely misses you.
The worldbinder calls forth creatures from the Vaults!
The starspawn tentacle barely misses you.
You see here a scroll labelled ULIRUC WUAJYSO.
As you read the scroll labelled ULIRUC WUAJYSO, it crumbles to dust.
It is a scroll of enchant weapon.
Your +1 short sword glows red for a moment.
The starspawn tentacle grabs you.
The starspawn tentacle constricts you. 😕 HP[-3]
You take 3 damage, and now have 11/14 hp.
MASSIVE DAMAGE!! (PAUSE)
You escape the starspawn tentacle's grasp.
The starspawn tentacle grabs you. The starspawn tentacle constricts you.
The starspawn tentacle loses its grip on you.
The tentacle pulls you backwards! 😮 HP[-3]
You take 3 damage, and now have 8/14 hp.
MASSIVE DAMAGE!! (PAUSE)
The starspawn tentacle grabs you. The starspawn tentacle constricts you.
* * * LOW HITPOINT WARNING * * *
😨 HP[-2]
You take 2 damage, and now have 6/14 hp.
You escape the starspawn tentacle's grasp.
Unknown command.
The worldbinder calls forth creatures from the Vaults!
Tentacles burst from the starspawn's body! 2 starspawn tentacles come into view.
The worldbinder hits you but does no damage.
The worldbinder misses you. 😨 HP[+1]
The worldbinder misses you. The worldbinder hits you!
Ouch! That really hurt!
You die...

Action                   || total
-------------------------++-------
  Use: Scroll            ||     2
Armor: Leather armour    ||     1
Dodge: Dodged            ||     4

Levels and vault maps discovered:
Abyss:1:  base: Temple, base:
Temple

Notes
Turn   | Place    | Note
-------+----------+-------------------------------------------
     0 | Abyss:1  | spiderkeys the Kobold Abyssal Knight began the quest for
                  | the Orb.
     0 | Abyss:1  | Reached XP level 1. HP: 14/14 MP: 2/2
     0 | Abyss:1  | magus.rc [v1.9.10]
    82 | Abyss:1  | Noticed an ancient zyme
   107 | Abyss:1  | Noticed a tentacled starspawn
   109 | Abyss:1  | Noticed a worldbinder
   109 | Abyss:1  | Noticed an apocalypse crab
   122 | Abyss:1  | Noticed a white very ugly thing
   122 | Abyss:1  | Noticed an ironbound thunderhulk
   122 | Abyss:1  | Noticed a brown very ugly thing
   126 | Abyss:1  | Slain by a worldbinder

Vanquished Creatures (others)
  4 starspawn tentacles (Abyss:1)
4 creatures vanquished.

Table legend:
 A = Non-vault XP
 B = Vault XP
 C = Vault XP percentage of total XP
 D = Non-vault monster count
 E = Vault monster count
 F = Vault count percentage of total count
                 A         B        C        D         E       F
            +---------+---------+-------+---------+---------+-------
      Total |       0 |       0 |   N/A |       0 |       0 |  -nan
            +---------+---------+-------+---------+---------+-------
            +---------+---------+-------+---------+---------+-------

Illustrated notes

Table legend: (Time is in decaauts)
 A = Elapsed time spent in this place.
 B = Non-inter-level travel time spent in this place.
 C = Inter-level travel time spent in this place.
 D = Time resting spent in this place.
 E = Time spent auto-exploring this place.
 F = Levels seen in this place.
 G = Mean time per level.
                   A        B        C        D        E       F      G
               +--------+--------+--------+--------+--------+-----+--------+
         Total |    126 |    126 |      0 |      0 |     80 |   1 |  126.0 |
         Abyss |    126 |    126 |      0 |      0 |     80 |   1 |  126.0 |
               +--------+--------+--------+--------+--------+-----+--------+

Top non-repeatable levels by time:
 Abyss:1: 126 daAuts
